Map: Cyber Forest LE

Players

Hellraiser

  • Race: Protoss Protoss
  • Spawn Location: 5:00

Kelazhur - Winner!

  • Race: Terran Terran
  • Spawn Location: 11:00

Event: 2019 WCS Summer

VOD

Have the link to the VOD?

Description

Time

  • Played on: July 13, 2019, 6:24 a.m.
  • Length: 18:56

All games in this series

Show
View Real Time Build Order
Export as new Build Order

Hellraiser Protoss 

Build Orders: 1 Gate Expand, Phoenix Opening, Colossus Rush 

Get SALT Encoding   

  12  0:00  Probe  
  13  0:11  Probe  
  14  0:17  Pylon  
  14  0:19  Probe  
  15  0:33  Probe  
  16  0:36  Gateway  
  16  0:45  Probe  
  16  0:46  Assimilator  
  18  0:57  Probe  
  18  1:09  Probe  
  19  1:20  Nexus  
  19  1:22  Probe  
  20  1:33  Cybernetics Core  
  20  1:36  Probe  
  21  1:43  Assimilator  
  21  1:48  Probe  
  21  1:54  Pylon  
  22  2:00  Probe  
  23  2:02  Stalker  
  23  2:08  Probe  
  23  2:09  Warp Gate  
  26  2:16  Probe  
  27  2:26  Probe  
  27  2:29  Probe  
  28  2:32  Sentry  
  31  2:37  Probe  
  31  2:38  Probe  
  32  2:47  Probe  
  32  2:50  Robotics Facility  
  32  2:51  Probe  
  34  2:58  Stalker  
  34  2:59  Probe  
  34  3:03  Probe  
  38  3:06  Phoenix, Gateway  
  38  3:09  Probe  
  39  3:12  Gateway  
  39  3:15  Probe  
  39  3:18  Probe  
  40  3:21  Pylon  
  40  3:26  Probe  
  41  3:27  Probe  
  41  3:29  Stalker  
  45  3:35  Probe  
  45  3:37  Observer  
  45  3:39  Probe  
  48  3:43  Probe  
  48  3:44  Assimilator  
  48  3:45  Pylon  
  49  3:51  Probe  
  49  3:53  Probe  
  51  3:56  Warp Prism  
  53  4:03  Probe  
  53  4:04  Robotics Bay  
  53  4:07  Probe  
  53  4:08  Stalker  
  57  4:11  Pylon  
  57  4:15  Probe  
  57  4:16  Stalker  
  60  4:20  Stalker  
  62  4:25  Assimilator  
  62  4:26  Observer  
  62  4:29  Probe x2  
  65  4:41  Probe x2  
  67  5:01  Observer  
  67  5:05  Probe  
  67  5:07  Pylon  
  67  5:08  Gravitic Drive, Nexus  
  67  5:10  Colossus  
  67  5:20  Pylon x2  
  67  5:28  Adept x2  
  77  5:29  Probe  
  77  5:33  Twilight Council  
  78  5:35  Forge  
  78  5:38  Adept  
  78  5:42  Probe x2  
  82  5:52  Colossus  
  82  5:54  Probe x2  
  83  5:59  Gateway  
  83  6:00  Charge  
  83  6:07  Gateway  
  89  6:12  Protoss Ground Armor Level 1  
  89  6:15  Gateway  
  89  6:22  Extended Thermal Lance  
  89  6:26  Gateway  
  89  6:30  Gateway  
  89  6:32  Sentry  
  91  6:35  Zealot  
  91  6:36  Zealot  
  91  6:37  Probe  
  96  6:41  Probe  
  96  6:44  Probe  
  98  6:50  Probe  
  98  6:53  Probe  
  99  6:58  Zealot x4  
  107  7:02  Pylon  
  107  7:04  Pylon  
  107  7:06  Templar Archives  
  107  7:09  Colossus  
  107  7:19  Zealot  
  111  7:28  Zealot x2  
  111  7:29  Zealot x2  
  119  7:30  Probe  
  119  7:32  Probe  
  119  7:35  Probe  
  122  7:43  Probe  
  123  7:44  Probe  
  123  7:47  Probe, Pylon x2  
  119  8:00  High Templar  
  119  8:01  Zealot x2  
  119  8:03  Immortal  
  125  8:09  Zealot x3  
  125  8:10  Zealot x2  
  134  8:22  Blink  
  134  8:25  Zealot x2  
  132  8:32  Zealot  
  128  8:38  High Templar  
  128  8:41  Zealot  
  116  8:52  Probe  
  116  8:53  Zealot  
  113  8:57  Pylon  
  113  9:01  Zealot x2  
  113  9:02  Probe  
  108  9:07  Probe x2  
  110  9:11  Pylon  
  110  9:13  Protoss Ground Armor Level 2  
  110  9:17  Zealot x2  
  110  9:18  Zealot x4  
  110  9:22  Probe x2  
  110  9:23  Probe  
  125  9:27  Warp Prism  
  125  9:34  Probe x2  
  127  9:40  Zealot x7  
  141  9:55  Psionic Storm  
  140  10:00  Warp Prism  
  140  10:01  Pylon  
  140  10:02  Stalker, Pylon  
  141  10:08  Probe  
  141  10:09  Stalker  
  141  10:15  Pylon  
  141  10:17  Pylon  
  141  10:19  Probe x2  
  141  10:20  Probe  
  144  10:25  High Templar x3  
  144  10:26  High Templar  
  152  10:29  Assimilator  
  152  10:31  Forge  
  152  10:32  Observer, Assimilator  
  152  10:35  Photon Cannon  
  154  10:47  Immortal  
  153  10:54  Nexus  
  153  10:55  Pylon  
  151  10:59  High Templar x2  
  151  11:00  Zealot x3  
  151  11:04  Archon  
  165  11:05  Probe  
  165  11:07  Probe x2  
  159  11:14  Protoss Ground Weapons Level 1  
  159  11:17  Probe  
  159  11:19  Probe x2  
  161  11:29  Probe  
  161  11:31  Probe x2  
  161  11:32  Zealot x4  
  136  11:44  Archon  
  136  11:46  Zealot x4  
  118  11:47  Probe  
  118  11:49  Probe  
  118  11:51  Archon  
  107  12:01  Stalker x4  
  101  12:04  Immortal  
  107  12:14  Robotics Bay  
  111  12:25  Zealot x2  
  111  12:26  Zealot x3  
  111  12:29  Probe  
  104  12:30  Probe  
  104  12:32  Probe  
  104  12:33  Probe  
  104  12:34  Zealot x2  
  104  12:35  Zealot x2, High Templar x2, Immortal  
  104  12:36  Zealot, High Templar  
  119  12:47  Robotics Facility  
  123  12:58  High Templar x4  
  131  13:00  Zealot, Pylon  
  131  13:02  Archon x2  
  133  13:07  Zealot x2  
  133  13:12  Probe  
  136  13:13  Pylon  
  136  13:23  Zealot x2  
  136  13:26  Forge, Colossus  
  140  13:28  Protoss Ground Armor Level 3  
  140  13:32  Stalker x6  
  157  13:44  Colossus  
  157  13:51  Nexus  
  157  13:53  Pylon  
  157  13:54  Pylon  
  159  13:57  Pylon  
  159  14:04  Pylon  
  159  14:06  Protoss Ground Weapons Level 2  
  159  14:12  Probe  
  160  14:17  Observer  
  160  14:18  Photon Cannon  
  160  14:19  Photon Cannon, Zealot x6  
  173  14:26  Zealot x2  
  177  14:38  Probe  
  173  14:44  Zealot x6  
  185  14:45  Probe  
  185  14:48  Probe  
  185  14:52  Probe  
  138  15:02  Colossus  
  138  15:03  Probe  
  138  15:04  Zealot x4  
  138  15:05  Zealot x4, Probe, Warp Prism  
  135  15:29  High Templar x7  
  135  15:31  High Templar  
  135  15:33  Archon x3  
  151  15:35  Nexus  
  151  15:36  Colossus  
  151  15:42  Probe  
  152  15:46  Pylon  
  152  15:48  Colossus  
  152  15:54  Pylon  
  164  16:07  Zealot x7  
  164  16:08  Zealot  
  164  16:11  Dark Shrine  
  180  16:32  Zealot x4  
  179  16:33  Zealot x2  
  179  16:35  High Templar  
  173  16:52  Probe x2  
  169  16:54  Stalker x4  
  155  17:23  Nexus  
  151  17:34  Stalker x5  
  151  17:36  High Templar x2  
  163  17:53  Probe x2  
  163  18:11  Probe  
  152  18:15  Stalker x6  
  152  18:16  Stalker  
  166  18:35  Nexus  
  166  18:38  Dark Templar  
  166  18:39  Zealot x2  
Show
View Real Time Build Order
Export as new Build Order

Kelazhur Terran - Winner!

Build Orders:  

Get SALT Encoding   

  12  0:00  SCV  
  13  0:12  SCV  
  14  0:17  Supply Depot  
  14  0:25  SCV  
  15  0:38  SCV  
  15  0:41  Barracks  
  16  0:44  Refinery  
  16  0:50  SCV  
  17  1:02  SCV  
  18  1:14  SCV  
  19  1:28  Orbital Command, Barracks Reactor  
  19  1:40  Command Center  
  19  1:50  Supply Depot  
  20  1:54  SCV  
  20  2:04  Factory  
  20  2:06  SCV  
  21  2:11  Marine x2  
  23  2:19  Refinery, SCV  
  24  2:29  Marine x2  
  26  2:31  SCV  
  27  2:43  SCV  
  27  2:48  Widow Mine, Starport  
  27  2:49  Marine  
  31  2:55  Orbital Command  
  31  2:57  SCV  
  31  3:06  Marine  
  31  3:07  Marine  
  31  3:10  Widow Mine, SCV  
  36  3:21  SCV  
  36  3:23  SCV  
  36  3:24  Medivac  
  36  3:26  Marine x2  
  42  3:30  Supply Depot  
  42  3:31  Factory Tech Lab  
  42  3:34  SCV  
  42  3:37  SCV  
  44  3:42  Bunker  
  44  3:46  SCV  
  45  3:49  SCV  
  45  3:51  Marine x2  
  48  3:56  Factory Tech Lab  
  48  3:58  SCV  
  48  3:59  Supply Depot  
  49  4:03  SCV  
  49  4:07  Raven  
  52  4:10  Marine  
  52  4:11  Marine  
  52  4:12  Barracks  
  52  4:16  Supply Depot  
  54  4:21  SCV  
  54  4:23  SCV  
  54  4:24  Barracks  
  56  4:27  Siege Tank  
  56  4:30  Marine  
  60  4:33  SCV  
  60  4:36  Marine  
  60  4:37  SCV  
  63  4:45  SCV  
  60  4:50  SCV  
  60  4:51  Marine  
  60  4:55  Engineering Bay  
  60  4:57  SCV  
  60  4:59  Starport Reactor  
  61  5:02  Refinery, SCV  
  61  5:03  Refinery, Supply Depot  
  61  5:04  Marine  
  61  5:05  Marine  
  61  5:06  Stimpack  
  64  5:10  Marine  
  64  5:12  SCV  
  66  5:16  Supply Depot  
  66  5:17  SCV  
  66  5:20  Combat Shield  
  67  5:21  Marine  
  67  5:22  Marine  
  67  5:23  Marine  
  67  5:24  SCV, Terran Infantry Weapons Level 1  
  71  5:29  SCV  
  71  5:30  Factory Reactor  
  71  5:33  Supply Depot  
  72  5:36  Marine, SCV  
  72  5:38  Viking  
  76  5:44  Marauder  
  76  5:45  Marauder  
  76  5:46  Marine  
  81  5:54  SCV x2  
  81  5:56  Supply Depot  
  83  5:58  Marine  
  83  5:59  Medivac  
  85  6:06  Marine, Supply Depot  
  85  6:07  Marauder  
  85  6:08  Marauder, Medivac  
  92  6:17  Widow Mine  
  92  6:18  Widow Mine  
  96  6:21  Marine, Supply Depot  
  97  6:31  Marauder x2, Marine  
  102  6:36  Medivac  
  102  6:38  Medivac  
  102  6:39  Marine  
  107  6:51  Command Center  
  107  6:53  SCV  
  107  6:54  Marauder x2, Marine  
  112  6:57  Marine  
  112  6:58  Supply Depot  
  113  7:06  Widow Mine x2  
  117  7:11  Barracks x2  
  117  7:15  SCV  
  118  7:16  Supply Depot  
  118  7:19  Marine, Medivac  
  118  7:20  Marauder  
  123  7:35  Terran Infantry Armor Level 1  
  123  7:36  Marauder, Marine  
  124  7:37  Widow Mine  
  124  7:38  Widow Mine  
  126  7:44  Marine  
  126  7:45  Marauder  
  126  7:49  SCV x2  
  130  7:56  Marine  
  130  7:57  Marine  
  125  8:01  SCV x2  
  127  8:06  Marauder  
  127  8:12  Marine x2  
  131  8:13  SCV x2  
  131  8:16  Marauder, SCV  
  131  8:17  Marine  
  131  8:18  Widow Mine x2  
  139  8:23  Marine  
  139  8:25  SCV x2  
  141  8:27  Marauder  
  141  8:30  Marine x2  
  144  8:36  Marine  
  144  8:37  Marauder  
  144  8:39  Supply Depot  
  144  8:41  Marine  
  133  8:49  Marauder  
  133  8:52  Marine  
  133  8:53  Marine  
  132  8:56  Medivac x2  
  132  8:59  Marauder  
  132  9:00  Widow Mine x2  
  140  9:05  SCV x2  
  140  9:08  Marine x2  
  142  9:10  Marauder  
  142  9:13  Armory  
  144  9:28  Viking x2  
  144  9:30  Barracks Reactor, Barracks Tech Lab  
  148  9:32  Starport  
  148  9:33  Orbital Command  
  148  9:49  Supply Depot  
  148  9:50  Marauder, Supply Depot  
  148  9:51  Marauder  
  151  9:58  Viking  
  153  10:05  Terran Infantry Weapons Level 2  
  155  10:07  Marauder  
  155  10:11  Marauder  
  155  10:13  Viking  
  159  10:14  Viking x2  
  159  10:16  Refinery  
  159  10:17  SCV  
  159  10:18  SCV  
  165  10:29  SCV x2  
  165  10:30  SCV, Supply Depot, Sensor Tower  
  168  10:38  Viking  
  168  10:41  SCV  
  171  10:43  Viking  
  173  10:51  Viking  
  175  10:58  Viking  
  177  11:08  Viking, Marine x3  
  177  11:09  Marauder, Marine  
  181  11:11  Marauder  
  181  11:13  Marauder  
  181  11:18  Supply Depot  
  178  11:31  Marauder  
  164  11:33  Command Center  
  164  11:37  Marauder  
  148  11:42  Marauder  
  148  11:46  Marine, Medivac x2  
  131  11:52  Marauder  
  114  11:58  Marauder  
  114  12:00  Marine  
  114  12:01  Marine  
  112  12:02  Marine  
  112  12:03  Marauder  
  112  12:04  Widow Mine  
  112  12:07  Marine  
  118  12:08  Ghost Academy  
  118  12:14  Marauder  
  120  12:19  Marauder  
  110  12:23  Liberator x2  
  110  12:25  Marauder  
  102  12:30  Marine x2  
  102  12:32  Widow Mine  
  102  12:35  Marauder, Medivac x2  
  102  12:37  Terran Infantry Weapons Level 3  
  107  12:41  SCV  
  107  12:42  Marine x2, Refinery, SCV x2  
  107  12:43  Marauder  
  116  12:48  Planetary Fortress  
  116  12:53  Marauder, Marine  
  116  12:54  SCV x2  
  116  12:56  Widow Mine  
  123  13:00  Liberator  
  123  13:02  SCV, Missile Turret  
  123  13:05  Liberator  
  124  13:06  SCV  
  124  13:09  Marauder  
  124  13:12  Liberator  
  127  13:13  Marauder, Marine x2  
  127  13:15  Marauder  
  137  13:31  Marauder, Marine x2  
  144  13:37  SCV  
  142  13:52  Marauder x2, Concussive Shells, Marine  
  142  13:55  Marauder, Marine x3  
  152  13:57  Liberator x3  
  152  14:05  Command Center, Missile Turret  
  152  14:13  Ghost x2  
  152  14:15  Marine  
  152  14:16  Marine  
  167  14:20  Liberator  
  167  14:24  Marine x2  
  167  14:25  Marauder  
  167  14:30  Supply Depot  
  171  14:32  Marine  
  171  14:35  Widow Mine  
  171  14:36  Marine  
  178  14:40  Liberator x2  
  178  14:42  Marauder x2  
  179  14:52  Marauder, Marine  
  170  14:56  Widow Mine  
  170  14:58  Medivac  
  164  15:04  Marauder x2  
  143  15:10  Marine x2  
  143  15:12  Marine x2  
  143  15:14  Marauder  
  142  15:15  Terran Infantry Armor Level 2  
  142  15:17  Widow Mine  
  142  15:28  Medivac  
  142  15:30  Viking  
  142  15:32  Marine, Marauder x2  
  142  15:34  Missile Turret  
  142  15:35  Marine x2  
  152  15:40  Viking  
  152  15:41  Marauder, Marine  
  158  15:50  Marine  
  158  15:53  Marauder x2, Marine x2  
  165  16:02  Marine  
  165  16:03  Marauder, Widow Mine  
  170  16:08  Marine  
  171  16:14  Marine  
  171  16:15  Marauder, Planetary Fortress  
  174  16:24  Widow Mine  
  178  16:25  Marauder  
  178  16:26  Marauder, Marine  
  178  16:27  Marine  
  179  16:33  Marine x2  
  179  16:36  Marauder  
  183  16:41  Viking x3  
  183  16:46  Widow Mine  
  186  16:50  Marauder  
  186  16:51  Viking  
  162  17:10  Marauder, Marine  
  162  17:11  Viking x3  
  160  17:16  Marauder x2, Marine x3  
  160  17:20  Refinery x2  
  160  17:21  Medivac  
  171  17:22  SCV x2  
  171  17:27  Marine  
  170  17:32  Marauder  
  170  17:34  Marine x2  
  170  17:35  SCV  
  175  17:37  Ghost  
  175  17:38  Orbital Command, Marauder  
  179  17:49  Viking  
  179  17:50  Viking  
  183  17:52  Ghost  
  183  18:00  Marauder  
  183  18:01  Marine  
  183  18:02  Viking  
  180  18:06  Marauder  
  166  18:21  Marauder  
  166  18:22  Marauder  
Tags
 
Add a new tag
Caveats
  • Supply blocks, unpowered buildings, or Contaminate may cause inaccurate times.
  • Supply counts are checked every 10 seconds.